 Dungeon Crawl Stone Soup version 0.29.1-2-gbd0b4ee654 (webtiles) character file.

Game seed: 13701162875488033638

324 funnyparkerb the Ruffian (level 6, -1/61 HPs)
             Began as a Troll Fighter on Nov 9, 2022.
             Slain by Duvessa
             ... wielding a +0 rapier
              (11 damage)
             ... on level 5 of the Dungeon.
             The game lasted 00:03:58 (2364 turns).

funnyparkerb the Ruffian (Troll Fighter)            Turns: 2364, Time: 00:03:58

Health: -1/61      AC:  4    Str: 25    XL:     6   Next: 23%
Magic:  5/5        EV:  8    Int:  6    God:
Gold:   99         SH:  7    Dex:  9    Spells: 5/5 levels left

rFire   . . .      SeeInvis .     - Unarmed
rCold   . . .      Faith    .   b - +0 kite shield
rNeg    . . .      Spirit   .   a - +0 robe
rPois   .          Reflect  .   (helmet restricted)
rElec   .          Harm     .   (no cloak)
rCorr   .          Rampage  .   (gloves unavailable)
Will    .....                   (boots unavailable)
Stlth   +.........              (no amulet)
HPRegen 1.00/turn               (no ring)
MPRegen 0.09/turn               (no ring)

@: mighty
A: large, unfitting armour, claws 3, regeneration 1, shaggy fur 1, tough skin 1
a: no special abilities


You were on level 5 of the Dungeon.
You visited 1 branch of the dungeon, and saw 5 of its levels.

You collected 99 gold pieces.

Inventory:

Armour
 a - a +0 robe (worn)
 b - a +0 kite shield (worn)
Jewellery
 j - a ring of willpower
Wands
 n - a wand of quicksilver (6)
 t - a wand of roots (13)
Scrolls
 d - a scroll of silence {unknown}
 e - a scroll of noise {unknown}
 f - 6 scrolls of identify {unknown}
 g - 2 scrolls of magic mapping {unknown}
 h - a scroll of enchant armour {unknown}
 k - a scroll of poison {unknown}
 l - a scroll of enchant weapon {unknown}
 o - a scroll of vulnerability {unknown}
 q - a scroll of fear {unknown}
 r - a scroll of teleportation {unknown}
 s - 3 scrolls of blinking {unknown}
Potions
 i - 3 potions of curing {unknown}
 m - a potion of degeneration {unknown}
 p - a potion of resistance {unknown}


   Skills:
 + Level 3.5 Fighting
 - Level 2.4 Dodging
 + Level 3.9 Shields
 * Level 4.9 Unarmed Combat


You had 5 spell levels left.
You didn't know any spells.
Your spell library contained the following spells:

 Spells                   Type           Power      Damage    Failure   Level
 Ozocubu's Armour         Ice            0%         N/A       98%         3
 Summon Forest            Summ/Tloc      0%         N/A       100%        5
 Summon Mana Viper        Hex/Summ       0%         N/A       100%        5
 Summon Cactus Giant      Summ           0%         N/A       100%        6
 Ozocubu's Refrigeration  Ice            0%         4d7       100%        7


Dungeon Overview and Level Annotations

Branches:
Dungeon (5/15)
 Temple: D:4-7

Altars:
Dithmenos
Uskayaw
Yredelemnul

Annotations:
D:5 Duvessa


Innate Abilities, Weirdness & Mutations

You are too large for most types of armour.
You have claws for hands.
Your natural rate of healing is unusually fast.
You are covered in fur. (AC +1)
You have tough skin. (AC +1)


Message History

The puff of frost hits you.
You barely miss Dowan.
Dowan is heavily wounded.
Dowan gestures at you while chanting. The puff of flame hits you!
You claw Dowan!
You kill Dowan!
Duvessa screams in rage.
Duvessa goes berserk!
Things that are here:
a +0 dagger; a +0 robe Duvessa rages.
There is a stone staircase leading down here.
Duvessa hits you with a +0 rapier.
You climb downwards.
There is a stone staircase leading up here.
You claw Duvessa!
Duvessa is lightly wounded.
Duvessa hits you with a +0 rapier!! Duvessa barely misses you.
You closely miss Duvessa.
Duvessa is lightly wounded.
Duvessa hits you with a +0 rapier!
You are too injured to fight recklessly!
You closely miss Duvessa.
Duvessa is lightly wounded.
Duvessa hits you with a +0 rapier!
* * * LOW HITPOINT WARNING * * *
You block Duvessa's attack.
Okay, then.
You feel very mighty all of a sudden. You block Duvessa's attack.
You claw Duvessa!
Duvessa is heavily wounded.
Duvessa hits you with a +0 rapier.
* * * LOW HITPOINT WARNING * * *
You block Duvessa's attack.
You claw Duvessa!
Duvessa is severely wounded.
Duvessa hits you with a +0 rapier!
You die...

# ..##
.....
......###
#.e@#
#####


You could see Duvessa (berserk).

Vanquished Creatures
  An ogre (D:4)
  Dowan (D:4)
  A hound (D:3)
  Ijyb (D:3)
  Natasha (D:2)
  3 gnolls (D:2)
  2 adders
  An ufetubus (D:4)
  A worm (D:2)
  2 dart slugs
  4 ball pythons
  4 bats (D:1)
  12 endoplasms
  3 giant cockroaches
  10 goblins
  2 hobgoblins
  A quokka (D:1)
  2 frilled lizards (D:1)
  6 kobolds
  5 rats
63 creatures vanquished.

Notes
Turn   | Place    | Note
-------+----------+-------------------------------------------
     0 | D:1      | funnyparkerb the Troll Fighter began the quest for the Orb.
     0 | D:1      | Reached XP level 1. HP: 22/22 MP: 0/0
   122 | D:1      | Reached XP level 2. HP: 29/29 MP: 1/1
   533 | D:1      | Reached XP level 3. HP: 36/36 MP: 2/2
   782 | D:2      | Found a faded altar of an unknown god.
   826 | D:2      | Reached skill level 3 in Unarmed Combat
   989 | D:1      | Reached XP level 4. HP: 31/44 MP: 3/3
  1204 | D:2      | Noticed Natasha
  1213 | D:2      | Killed Natasha
  1227 | D:2      | Found a basalt altar of Yredelemnul.
  1648 | D:3      | Noticed Ijyb
  1655 | D:3      | Killed Ijyb
  1656 | D:3      | Reached skill level 4 in Unarmed Combat
  1656 | D:3      | Reached XP level 5. HP: 33/53 MP: 4/4
  1851 | D:3      | Found a shadowy altar of Dithmenos.
  2264 | D:4      | Noticed an ogre
  2267 | D:4      | Killed an ogre
  2273 | D:4      | Reached XP level 6. HP: 61/61 MP: 5/5
  2274 | D:4      | Found a hide-covered altar of Uskayaw.
  2346 | D:4      | Noticed Dowan
  2347 | D:4      | Noticed Duvessa
  2352 | D:4      | Killed Dowan
  2358 | D:5      | Entered Level 5 of the Dungeon
  2364 | D:5      | Slain by Duvessa

Illustrated notes

Levels and vault maps discovered:
D:1:      dpeg_arrival_fog, layout_basic
D:2:      layout_loops_ring, dreamdust_ecumenical_altar_statues, basic_altar,
          uniq_natasha
D:3:      layout_loops_cross, nicolae_dithmenos_shadow_blocks, uniq_ijyb
D:4:      layout_loops_ring, mainiacjoe_overflow_small_starburst,
          minmay_shop_damaged, minmay_crystal_room, feat_on_display,
          uniq_sigmund, uniq_duvessa
D:5:      layout_basic, dk_rats_in_the_wall

Skill      XL: |  1  2  3  4 |
---------------+-------------+-----
Shields        | 3 |  3.9
Unarmed Combat | 3 4 |  4.9
Fighting       | 3 |  3.5
Dodging        | |  2.4

Action                   |  1- 3 |  4- 6 || total
-------------------------+-------+-------++-------
Melee: Unarmed           |    82 |    86 ||   168
Evoke: Wand              |       |     2 ||     2
  Use: Potion            |       |     1 ||     1
 Stab: Sleeping          |     1 |       ||     1
Armor: Robe              |    25 |    22 ||    47
Dodge: Dodged            |    30 |    17 ||    47
Block: Kite shield       |    25 |    21 ||    46
